 Dungeon Crawl Stone Soup version 0.20.1-1-g8b1a95d (webtiles) character file.

581 vineage the Chopper (level 7, -8/60 HPs)
             Began as a Minotaur Fighter on July 24, 2017.
             Was a Follower of Trog.
             Engulfed by a cloud of flame (17 damage)
             ... on level 4 of the Dungeon.
             The game lasted 00:08:10 (2877 turns).

vineage the Chopper (Minotaur Fighter)              Turns: 2877, Time: 00:08:13

Health: -8/60      AC:  7    Str: 22    XL:     7   Next: 13%
Magic:  6/6        EV:  9    Int:  5    God:    Trog [*.....]
Gold:   273        SH: 10    Dex: 10    Spells: 6/6 levels left

rFire    + . .     SeeInvis .   a - +0 war axe
rCold    + . .     Gourm    .   c - +0 shield
rNeg     . . .     Faith    .   i - +0 ring mail {rC+}
rPois    .         Spirit   .   (helmet restricted)
rElec    .         Reflect  .   (no cloak)
rCorr    .         Harm     .   (no gloves)
MR       .....                  x - +0 pair of boots
Stlth    ..........             (no amulet)
Regen    0.2/turn               e - ring of protection from fire
MPRegen  0.1/turn               l - ring of wizardry

@: drained
A: retaliatory headbutt, horns 2
a: Berserk, Burn Spellbooks, Renounce Religion


You were on level 4 of the Dungeon.
You worshipped Trog.
Trog was aware of your devotion.
You were full.

You visited 1 branch of the dungeon, and saw 4 of its levels.

You collected 273 gold pieces.

Inventory:

Hand Weapons
 a - a +0 war axe (weapon)
Armour
 b - a +0 scale mail
 c - a +0 shield (worn)
 i - a +0 ring mail of cold resistance (worn)
 x - a +0 pair of boots (worn)
Jewellery
 e - a ring of protection from fire (left hand)
 l - a ring of wizardry (right hand)
Wands
 q - a wand of flame (18/48)
 w - a wand of confusion (28/48)
Scrolls
 d - 4 scrolls of identify
 k - 2 scrolls of recharging
 n - a scroll of amnesia
 r - a scroll of enchant weapon {unknown}
 u - a scroll of teleportation {unknown}
Potions
 g - a potion of agility
 j - 3 potions of magic
 o - a potion of brilliance {unknown}
 p - a potion of curing {unknown}
 s - a potion of flight
 t - a potion of degeneration {unknown}
Comestibles
 f - 3 bread rations
 h - 2 meat rations
 v - 2 fruits


   Skills:
 + Level 4.8 Fighting
 + Level 6.7 Axes
 + Level 5.2(5.1) Armour
 + Level 1.4(1.3) Dodging
 + Level 0.1 Stealth
 + Level 5.2(5.1) Shields


You had 6 spell levels left.
You didn't know any spells.

Dungeon Overview and Level Annotations

Branches:
Dungeon (4/15)
 Temple: D:4-7

Altars:
Trog


Innate Abilities, Weirdness & Mutations

You reflexively headbutt those who attack you in melee.
You have a pair of horns on your head.


Message History

You closely miss the orc wizard.
The orc wizard gestures wildly while chanting.
The orc wizard seems to speed up.
You hit the orc wizard. Your headbutt misses the orc wizard.
The orc wizard is moderately wounded.
The orc wizard closely misses you.
You slash something! You headbutt something.
The fiery explosion engulfs the orc wizard.
The orc wizard explodes!
The fiery explosion engulfs you! You resist. Trog accepts your kill.
Trog appreciates your killing of a magic user.
The fiery explosion engulfs you! You resist.
* * * LOW HITPOINT WARNING * * *
Trog accepts your kill.
Trog appreciates your killing of a magic user.
Reactivating autopickup.
You feel a bit more experienced.
You are engulfed in blazing flames.
You resist.
You die...

.. #####.... #
#@§§..... .
#§####... #§#
..#### #.#
....>. #.#
..### ######.#
##...##.#
#####
#.....#.# .
......
#.......###...
#..###


There were no monsters in sight!

Vanquished Creatures
  An ogre (D:4)
  A howler monkey (D:4)
  A hound (D:4)
  4 orc wizards (D:4)
  A centaur skeleton (D:4)
  Terence (D:2)
  2 worker ants (D:4)
  3 gnolls (D:4)
  9 adders
  An adder zombie (D:1)
  3 worms
  6 dart slugs
  A leopard gecko (D:3)
  7 orcs
  3 bats
  A bat zombie (D:1)
  3 giant cockroaches
  8 goblins
  3 hobgoblins (D:3)
  4 jackals
  A quokka (D:4)
  5 frilled lizards (D:1)
  11 kobolds
  12 rats
92 creatures vanquished.

Notes
Turn   | Place    | Note
-------+----------+-------------------------------------------
     0 | D:1      | vineage the Minotaur Fighter began the quest for the Orb.
     0 | D:1      | Reached XP level 1. HP: 19/19 MP: 0/0
   140 | D:1      | Reached XP level 2. HP: 27/27 MP: 1/1
   424 | D:1      | Reached XP level 3. HP: 32/33 MP: 2/2
  1124 | D:2      | Reached skill level 3 in Axes
  1155 | D:2      | Noticed Terence
  1166 | D:2      | Killed Terence
  1166 | D:2      | Reached XP level 4. HP: 25/40 MP: 3/3
  1858 | D:3      | Reached skill level 4 in Axes
  1868 | D:3      | Found a bloodstained altar of Trog.
  1965 | D:3      | Reached XP level 5. HP: 39/46 MP: 4/4
  1987 | D:3      | Became a worshipper of Trog the Wrathful
  2479 | D:4      | Reached skill level 5 in Axes
  2492 | D:4      | Reached skill level 1 in Dodging
  2492 | D:4      | Reached XP level 6. HP: 36/53 MP: 5/5
  2506 | D:4      | Reached * piety under Trog
  2668 | D:4      | Reached skill level 6 in Axes
  2668 | D:4      | Reached skill level 5 in Shields
  2749 | D:4      | Reached skill level 5 in Armour
  2847 | D:4      | Reached XP level 7. HP: 41/60 MP: 6/6
  2877 | D:4      | Engulfed by a cloud of flame

Skill      XL: |  1  2  3  4  5  6 |
---------------+-------------------+-----
Shields        | 4 5 |  5.2
Armour         | 4 5 |  5.2
Axes           | 3 4 5 6 |  6.7
Fighting       | 4 |  4.8
Dodging        | 1 |  1.4
Stealth        | |  0.1

Action                   |  1- 3 |  4- 6 |  7- 9 || total
-------------------------+-------+-------+-------++-------
Melee: War axe           |    83 |   145 |     3 ||   231
       Headbutt          |    12 |    22 |     1 ||    35
  Use: Scroll            |     3 |     1 |     1 ||     5
       Potion            |     1 |     1 |       ||     2
  Eat: Chunk             |       |     2 |       ||     2
       Meat ration       |       |     1 |       ||     1
       Bread ration      |       |     1 |       ||     1
Armor: Scale mail        |    42 |     1 |       ||    43
       Ring mail         |       |    41 |     1 ||    42
Dodge: Dodged            |    26 |    37 |     2 ||    65
Block: Shield            |    47 |    68 |     2 ||   117
